 Dungeon Crawl Stone Soup version 0.29-a0-468-ge57f7f99b4 (webtiles) character file.

Game seed: 8764355810051285064

207 timneilson the Covered (level 5, -5/33 HPs)
             Began as a Gargoyle Fighter on May 21, 2022.
             Slain by an iguana (8 damage)
             ... on level 4 of the Dungeon.
             The game lasted 00:05:48 (3350 turns).

timneilson the Covered (Gargoyle Fighter)           Turns: 3350, Time: 00:05:49

Health: -5/33      AC: 16    Str: 22    XL:     5   Next: 85%
Magic:  5/5        EV:  7    Int:  8    God:
Gold:   219        SH:  5    Dex:  9    Spells: 4/4 levels left

rFire   . . .      SeeInvis .   a - +0 long sword
rCold   . . .      Faith    .   c - +1 buckler
rNeg    + . .      Spirit   .   m - +0 chain mail
rPois   ∞          Reflect  .   (no helmet)
rElec   +          Harm     .   q - +0 cloak
rCorr   .          Rampage  .   r - +0 pair of gloves
Will    .....                   (no boots)
Stlth   ..........              (no amulet)
HPRegen 0.11/turn               (no ring)
MPRegen 0.09/turn               (no ring)

@: no status effects
A: sickness immunity, AC +4, negative energy resistance 1, electricity
resistance, torment resistance 1, petrification resistance
a: no special abilities


You were on level 4 of the Dungeon.
You visited 1 branch of the dungeon, and saw 4 of its levels.

You collected 219 gold pieces.

Inventory:

Hand Weapons
 a - a +0 long sword (weapon)
Armour
 c - a +1 buckler (worn)
 m - a +0 chain mail (worn)
 q - a +0 cloak (worn)
 r - a +0 pair of gloves (worn)
Jewellery
 l - a ring of flight
Scrolls
 b - 2 scrolls of teleportation
 f - 2 scrolls of silence
 g - a scroll of fog
 k - a scroll of blinking
Potions
 d - a potion of might
 e - a potion of lignification {unknown}
 h - a potion of flight {unknown}
 i - a potion of brilliance {unknown}
 j - 3 potions of curing
 n - a potion of mutation {unknown}
 o - 2 potions of attraction {unknown}


   Skills:
 + Level 3.8 Fighting
 * Level 3.0 Long Blades
 * Level 4.5 Armour
 + Level 1.1 Dodging
 * Level 4.5 Shields


You had 4 spell levels left.
You didn't know any spells.
Your spell library was empty.

Dungeon Overview and Level Annotations

Branches:
Dungeon (4/15)             Temple (0/1) D:4

Altars:


Innate Abilities, Weirdness & Mutations

You are immune to sickness and miasma.
Your stone body is resilient. (AC +4)
You are immune to poison.
You resist negative energy. (rN+)
You are resistant to electric shocks. (rElec)
You are resistant to unholy torment.
You are immune to petrification.


Message History

Found a stone staircase leading up.
You hit the hobgoblin.
You kill the hobgoblin!
Found 37 gold pieces and a scroll of blinking.
The quasit gives a chilling moan.
You hear a chilling moan.
Found 10 gold pieces.
You feel a little less mighty now.
The quasit gives a chilling moan.
Found 15 gold pieces.
k - a scroll of blinking An iguana comes into view.
The iguana hisses angrily.
The iguana moves out of view.
The iguana bites you.
You hit the iguana.
The iguana is moderately wounded.
The iguana bites you!
* * * LOW HITPOINT WARNING * * *
You hit the iguana.
The iguana is moderately wounded.
You block the iguana's attack.
The iguana bites you but does no damage.
You hit the iguana.
The iguana is severely wounded.
You block the iguana's attack.
You hit the iguana.
The iguana is almost dead.
The iguana bites you but does no damage.
You barely miss the iguana.
The iguana is almost dead.
The iguana bites you but does no damage.
The iguana bites you.
* * * LOW HITPOINT WARNING * * *
You hit the iguana but do no damage.
The iguana is almost dead.
The iguana bites you but does no damage.
You completely miss the iguana.
The iguana is severely wounded.
The iguana bites you!
You die...

**+*'**** ***######,*********
**,*,* *,,,......,,,,,,,,,
,,,*,* **,,,,...#.#########
****,* *,,*##*#............
,,,,,* ##,**..$##.##..##..(.
****** #..*,$∩55#......#.##.
,,,* #..#*,.$##....#.#.##. **,*
#...#####.....#<#.##. *,*
#.#.@.....#...#.#.##. *,*
*#...l..#......#.#.##.
*,********#....##.###......#.##.
*,,,,,,,,,#.#..*#.....#.####,*#.
*********,#,#..*#######...,,,*#.
*,*,#..,,,,,,,..###***##
**********,*,#.#********..,*
,,,,,,,,,,,*,#.,,,,* *##,*
************,*****,* *,****


You could see an iguana.

Vanquished Creatures
  A black bear (D:3)
  A gnoll (D:1)
  3 adders
  2 worms (D:2)
  A dart slug (D:1)
  11 orcs
  3 bats
  4 endoplasms
  A giant cockroach (D:3)
  5 goblins
  3 hobgoblins
  5 jackals
  2 quokkas (D:1)
  7 ball pythons
  4 frilled lizards
  3 kobolds
  3 rats
59 creatures vanquished.

Notes
Turn   | Place    | Note
-------+----------+-------------------------------------------
     0 | D:1      | timneilson the Gargoyle Fighter began the quest for the
                  | Orb.
     0 | D:1      | Reached XP level 1. HP: 14/14 MP: 1/1
    99 | D:1      | Reached XP level 2. HP: 7/19 MP: 2/2
   640 | D:1      | Reached XP level 3. HP: 23/23 MP: 3/3
   678 | D:1      | Found a faded altar of an unknown god.
  1558 | D:2      | Reached XP level 4. HP: 25/28 MP: 4/4
  3264 | D:4      | Noticed a black bear
  3276 | D:3      | Killed a black bear
  3277 | D:3      | Reached skill level 1 in Dodging
  3277 | D:3      | Reached XP level 5. HP: 16/33 MP: 5/5
  3350 | D:4      | Slain by an iguana

Illustrated notes

Levels and vault maps discovered:
D:1:      dpeg_arrival_rhombi, layout_loops_ring,
          hellmonk_ecumenical_altar_slurped_away
D:2:      layout_basic
D:3:      layout_basic, amethyst_killhole
D:4:      cheibrodos_quashed, layout_basic, xom_confusion_cloud,
          minmay_temple_entry_glassed_door, gammafunk_ghost_icy,
          portal_sewer_entry_e, grunt_ministairs_7,
          minmay_a_box_with_orc_wizards_in_it

Skill      XL: |  1  2  3  4 |
---------------+-------------+-----
Long Blades    | 2 3 |  3.0
Shields        | 4 |  4.5
Armour         | 4 |  4.5
Dodging        | 1 |  1.1
Fighting       | |  3.8

Action                   |  1- 3 |  4- 6 || total
-------------------------+-------+-------++-------
Melee: Long sword        |   140 |   107 ||   247
  Use: Scroll            |     5 |     7 ||    12
       Potion            |       |     1 ||     1
Armor: Scale mail        |    77 |       ||    77
       Chain mail        |       |    75 ||    75
Dodge: Dodged            |    68 |    39 ||   107
Block: Buckler           |    34 |    25 ||    59

Table legend: (Time is in decaauts)
 A = Elapsed time spent in this place.
 B = Non-inter-level travel time spent in this place.
 C = Inter-level travel time spent in this place.
 D = Time resting spent in this place.
 E = Time spent auto-exploring this place.
 F = Levels seen in this place.
 G = Mean time per level.
                   A        B        C        D        E       F      G
               +--------+--------+--------+--------+--------+-----+--------+
         Total |   3430 |   3385 |     45 |     27 |   2671 |   4 |  857.5 |
       Dungeon |   3430 |   3385 |     45 |     27 |   2671 |   4 |  857.5 |
               +--------+--------+--------+--------+--------+-----+--------+

Top non-repeatable levels by time:
     D:2: 1258 daAuts
     D:1: 1242 daAuts
     D:3: 857 daAuts
     D:4: 72 daAuts
